 Dungeon Crawl Stone Soup version 0.30-a0-1074-g5db6f66fbb (console) character file.

Game seed: 495829283767936132

3443 Banquo the Slicer (level 10, -2/82 HPs)
             Began as a Djinni Fighter on Apr 14, 2023.
             Was a Plaything of Xom.
             Slain by a killer bee (5 damage)
             ... on level 6 of the Dungeon.
             The game lasted 00:39:01 (7975 turns).

Banquo the Slicer (Djinni Fighter)                  Turns: 7975, Time: 00:39:02

Health: -2/82      AC:  3    Str: 18    XL:     10   Next: 26%
Gold:   660        EV: 12    Int: 13    God:    Xom [....*.] SH: 16 Dex: 21

rFire   + + +      SeeInvis .    a - +1 rapier (flame)
rCold   . . .      Faith    .    c - +1 buckler
rNeg    . . .      Spirit   .    C - +1 robe {rC+}
rPois   ∞          Reflect  +    (no helmet)
rElec   +          Rampage  .    (no cloak)
rCorr   .          Clarity  +    (no gloves)
Will    +....                    (boots unavailable)
Stlth   ++                       s - amulet of reflection
HPRegen 0.33/turn                e - +6 ring of dexterity
MPRegen 0.00/turn                k - ring of protection from fire

@: flying
A: sickness immunity, fire resistance 2, cold vulnerability 1, float, innate
caster, HP casting, extra vitality 1, fangs 1, large bone plates 1, agile 1,
clarity, robust 1, electricity resistance, strong 1
a: Renounce Religion


You were on level 6 of the Dungeon.
You worshipped Xom.
You were a beloved toy of Xom.
You visited 2 branches of the dungeon, and saw 8 of its levels.

You collected 660 gold pieces.

Inventory:

Hand Weapons
 a - a +1 rapier of flaming (weapon)
 h - a +0 trident
 o - a +2 dagger of chaos
 t - a +2 spear of venom
 B - a +2 whip of flaming
 D - a +2 hand axe of electrocution
 G - a +2 dagger of speed
Missiles
 j - 4 datura-tipped darts
 m - 76 stones
 v - 2 silver javelins
 E - 3 curare-tipped darts
Armour
 b - a +0 scale mail
 c - a +1 buckler (worn)
 C - a +1 robe of cold resistance (worn)
 F - a scarf of invisibility
 H - a +0 leather armour of fire resistance
Magical Staves
 z - the staff of poison "Sakucuna" {rPois Str+4 Dex+2 Stlth+}
   (Xom gifted it to you on level 5 of the Dungeon)

   [staff of poison]

   Your inability to study Poison Magic prevents you from drawing on the full
   power of this staff in melee.
   Base accuracy: +5 Base damage: 5 Base attack delay: 1.2 This weapon's minimum
   attack delay (0.6) is reached at skill level 12.
   Str:       It affects your strength (+4).
   Dex:       It affects your dexterity (+2).
   rPois:     It protects you from poison.
   Stlth:     It makes you more stealthy.
   It falls into the 'Staves' category.
   It is a one-handed weapon.
Jewellery
 e - a +6 ring of dexterity (left hand)
 k - a ring of protection from fire (right hand)
 s - an amulet of reflection (around neck)
Wands
 n - a wand of polymorph (8)
 q - a wand of flame (23)
 w - a wand of paralysis (7)
Scrolls
 g - 5 scrolls of noise
 p - 3 scrolls of enchant armour
 r - 2 scrolls of identify
 y - a scroll of poison
Potions
 d - a potion of might
 f - 2 potions of resistance
 i - a potion of cancellation
 l - 2 potions of flight
 x - a potion of mutation
 A - 3 potions of curing


   Skills:
 * Level 7.4 Fighting
 * Level 9.2 Short Blades
 + Level 4.1 Armour
 + Level 2.4 Dodging
 + Level 4.8 Shields
 * Level 7.3 Spellcasting


You knew the following spells:

 Your Spells              Type           Power      Damage    Failure   Level
a - Sting                 Tmut/Pois      92%        1d7       1%          1
b - Lesser Beckoning      Tloc           46%        N/A       1%          2
g - Summon Guardian Gole  Hex/Summ       23%        N/A       2%          3
t - Teleport Other        Tloc           23%        N/A       2%          3
Your spell library was empty.

Dungeon Overview and Level Annotations

Branches:
Dungeon (7/15)             Temple (1/1) D:4

Altars:
Ashenzari
Elyvilon
Fedhas
Gozag
Nemelex Xobeh
Okawaru
Qazlal
Ru
Trog
Uskayaw
Wu Jian
Xom
Zin
The Shining One


Innate Abilities, Weirdness & Mutations

You are immune to sickness and miasma.
You are immune to poison.
Your flesh is very heat resistant. (rF++)
You are vulnerable to cold. (rC-)
You float through the air rather than walking.
You learn spells naturally, not from books.
Your magical power is your life essence.
You have superior vitality. (+4 MHP)
You have very sharp teeth.
You are partially covered in large bone plates. (SH +4)
You are agile. (Dex +4, Str/Int -1)
You possess an exceptional clarity of mind.
You are robust. (+10% HP)
You are resistant to electric shocks. (rElec)
Your muscles are strong. (Str +4, Int/Dex -1)


Message History

The killer bee stings you. You block the killer bee's attack.
The killer bee closely misses you. You block the killer bee's attack.
The killer bee barely misses you. The killer bee closely misses you.
The killer bee attacks as you move away!
You block the killer bee's attack. x3; The killer bee stings you!
* * * LOW HITPOINT WARNING * * *
You block the killer bee's attack.
Unknown command.
As you read the scroll of fear, it crumbles to dust.
You assume a fearsome visage.
The killer bee looks frightened!
The iguana looks frightened!
The killer bee looks frightened! x4
The kobold brigand looks frightened!
The kobold looks frightened! x4
The wight is unaffected. x4
Unknown command.
The killer bee attacks as you move away!
You block the killer bee's attack. The killer bee stings you.
* * * LOW HITPOINT WARNING * * *
The wight hits you from afar with a +0 spear.
* * * LOW HITPOINT WARNING * * *
Cornered, the killer bee turns to fight! x2
You block the killer bee's attack. The wight closely misses you.
The wight throws a stone.
You block the stone with an invisible shield... and reflect it back!
The stone hits the wight but does no damage.
The killer bee completely misses you. You block the wight's attack.
There is a stone staircase leading up here.
You block the killer bee's attack. x2; The wight misses you.
The wight hits you with a +0 great sword!
* * * LOW HITPOINT WARNING * * *
The wight closely misses you.
You fly upwards.
There is a stone staircase leading down here.
Unknown command.
Casting: Sting (safe; 1% risk of failure)
Confirm with . or Enter, or press ? or * to list all spells.
A guardian golem appears, shielding your allies.
* * * LOW HITPOINT WARNING * * *
You block the killer bee's attack. The killer bee stings you.
You die...
Xom guffaws!

#.# #.......##.#.# #.#
#....<..##...# #<#
######.##..... #)# #.##.....
[.# ##### #.##.....
#######...# #.##.....
.....##...##########
#....##..
#####..........zzy.#
#....''.. #.#...####.[@.9#
#....##..
#.+.....[...[..######....##..
###.[.#.#................##..
#####.#......######....##..
#.#<#'#)#.......#.#####
#.#.#.#.#.#####.#.#
#.#.#.#.#.#...#.#.#
#...#.#.#.#.#.#.#.#####
#####.#.#.#.#.#.#......


You could see a killer bee (ally target), 2 wights and a friendly guardian golem
(summoned).

Vanquished Creatures
  Pikel (D:6)
  A water moccasin (D:5)
  A black bear (D:4)
  A sky beast (D:7)
  2 bullfrogs (D:7)
  4 scorpions
  5 killer bees
  3 crimson imps
  A howler monkey (D:7)
  4 orc priests
  6 hounds
  3 iguanas
  3 orc wizards
  12 adders
  3 shadow imps
  A white imp (D:6)
  An ufetubus (D:4)
  4 worms
  3 dart slugs
  10 orcs
  5 ball pythons
  9 endoplasms
  3 giant cockroaches
  16 goblins
  10 hobgoblins
  8 jackals
  5 quokkas
  13 bats
  4 frilled lizards
  15 kobolds
  6 rats
163 creatures vanquished.

Vanquished Creatures (collateral kills)
  A black bear (D:4)
  A scorpion (D:4)
  A jelly (D:6)
  A goblin (D:4)
4 creatures vanquished.

Vanquished Creatures (others)
  A two-headed ogre (D:6)
  2 ogres (D:6)
  4 lemures (D:6)
  A sleepcap (D:6)
  A jelly (D:6)
  An iguana (D:6)
  A river rat (D:4)
11 creatures vanquished.

Grand Total: 178 creatures vanquished

Notes
Turn   | Place    | Note
-------+----------+-------------------------------------------
     0 | D:1      | Banquo the Djinni Fighter began the quest for the Orb.
     0 | D:1      | Reached XP level 1. HP: 20/20 MP: 0/0
   131 | D:1      | Reached XP level 2. HP: 25/25 MP: 0/0
   207 | D:1      | Reached skill level 2 in Short Blades
   342 | D:1      | Reached XP level 3. HP: 30/30 MP: 0/0
   342 | D:1      | Learned a level 1 spell: Sting
  1050 | D:2      | Reached XP level 4. HP: 31/35 MP: 0/0
  1563 | D:2      | Reached skill level 3 in Short Blades
  1963 | D:3      | Reached XP level 5. HP: 36/40 MP: 0/0
  1963 | D:3      | Learned a level 2 spell: Lesser Beckoning
  2755 | D:4      | Reached skill level 1 in Dodging
  2755 | D:4      | Reached skill level 1 in Spellcasting
  2859 | D:4      | Noticed Sigmund
  2910 | D:4      | Reached XP level 6. HP: 20/46 MP: 0/0
  3016 | D:4      | Found a staircase to the Ecumenical Temple.
  3030 | Temple   | Entered the Ecumenical Temple
  3280 | D:4      | Reached skill level 8 in Short Blades
  3280 | D:4      | Reached XP level 7. HP: 4/57 MP: 0/0
  3280 | D:4      | Learned a level 3 spell: Summon Guardian Golem
  3281 | D:4      | Gained mutation: You are partially covered in large bone
                  | plates. (SH +4) [potion of mutation]
  3281 | D:4      | Gained mutation: You are weak. (Str -2) [potion of
                  | mutation]
  3281 | D:4      | Gained mutation: You are robust. (+10% HP) [potion of
                  | mutation]
  3281 | D:4      | HP: 2/62 [orc/+0 mace (3)]
  3288 | D:4      | You are sucked into a shaft and drop 1 floor!
  3288 | D:5      | Entered Level 5 of the Dungeon
  3635 | D:5      | Found a shimmering altar of Xom.
  3710 | D:5      | Became a worshipper of Xom of Chaos
  3812 | D:5      | XOM: cleaving
  3940 | D:5      | Found an iron altar of Okawaru.
  3994 | D:5      | Found an ornate altar of the Wu Jian Council.
  4354 | D:4      | Reached XP level 8. HP: 68/68 MP: 0/0
  4406 | D:4      | XOM: polymorph crimson imp -> shadow imp
  4542 | D:4      | XOM: scenery: summon butterflies
  4556 | D:4      | XOM: 2-stop teleportation journey
  4658 | D:4      | Sigmund changed into Sigmund the river rat
  4658 | D:4      | Noticed Sigmund
  4658 | D:4      | XOM: polymorph Sigmund -> Sigmund the river rat
  4681 | D:4      | Killed Sigmund the river rat
  4796 | D:4      | XOM: god gift: 2 silver javelins
  4815 | D:4      | XOM: summons 8 friendly demons
  4918 | D:4      | XOM: scenery: summon butterflies
  4990 | D:4      | XOM: potion effect (berserk rage)
  5155 | D:4      | XOM: god gift: wand of paralysis (7)
  5325 | D:5      | Found a glowing golden altar of the Shining One.
  5374 | D:5      | Identified the staff of poison "Sakucuna" {rPois Str+4
                  | Dex+2 Stlth+} (Xom gifted it to you on level 5 of the
                  | Dungeon)
  5374 | D:5      | XOM: god gift: staff of poison "Sakucuna" {rPois Str+4
                  | Dex+2 Stlth+}
  5478 | D:5      | XOM: give mutations
  5478 | D:5      | Lost mutation: You are weak. (Str -2) [Xom's grace]
  5478 | D:5      | Gained mutation: You have hidden genetic potential. [Xom's
                  | grace]
  5582 | D:5      | XOM: cloud trail
  5939 | D:6      | Noticed Pikel
  5939 | D:6      | XOM: 4-stop teleportation journey
  5964 | D:6      | XOM: confuse monster(s)
  5977 | D:6      | XOM: scenery: 1 doors close
  6019 | D:6      | Killed Pikel
  6020 | D:6      | Reached XP level 9. HP: 65/74 MP: 0/0
  6020 | D:6      | Learned a level 3 spell: Teleport Other
  6323 | D:6      | Gained mutation: You possess an exceptional clarity of
                  | mind. [hidden potential]
  6434 | D:6      | XOM: 1-stop teleportation journey
  6449 | D:6      | Reached skill level 9 in Short Blades
  6472 | D:6      | XOM: god gift: scroll labelled SIRPHI OS QYAXA {god gift}
  6484 | D:6      | XOM: cleaving
  6503 | D:6      | XOM: polymorph ice beast -> ogre
  6505 | D:6      | XOM: summons friendly iron imp
  6534 | D:6      | XOM: god gift: potion of resistance
  6669 | D:6      | XOM: cloud trail
  6928 | D:6      | Found a broken altar of Ashenzari.
  7018 | D:6      | Noticed a two-headed ogre
  7040 | D:6      | Killed a two-headed ogre
  7041 | D:6      | Reached XP level 10. HP: 79/82 MP: 0/0
  7134 | D:6      | XOM: stat loss: -1 Str (14/15)
  7219 | D:6      | XOM: god gift: glowing leather armour {god gift}
  7250 | D:7      | XOM: divination: detect creatures
  7257 | D:7      | XOM: polymorph killer bee -> iguana
  7458 | D:6      | XOM: give mutations
  7458 | D:6      | Gained mutation: Your muscles are strong. (Str +4, Int/Dex
                  | -1) [Xom's grace]
  7458 | D:6      | Gained mutation: You are resistant to electric shocks.
                  | (rElec) [Xom's grace]
  7458 | D:6      | Gained mutation: You have very sharp teeth. [Xom's grace]
  7507 | D:7      | XOM: scenery: create altars
  7832 | D:7      | Gained mutation: You are agile. (Dex +4, Str/Int -1)
                  | [hidden potential]
  7832 | D:7      | Lost mutation: You have hidden genetic potential. [hidden
                  | potential expressed]
  7954 | D:7      | XOM: chaos upgrade
  7975 | D:6      | Slain by a killer bee

Illustrated notes

Levels and vault maps discovered:
D:1:      wheals_arrival_linesprint, layout_basic
D:2:      layout_loops_ring
D:3:      layout_loops_cross, serial_glass, glass_columns_a, glass_columns_a,
          glass_columns_a, glass_columns_c, glass_columns_a, glass_columns_b,
          feat_on_display, hex_large, hangedman_glass_teeth
D:4:      minmay_polygon_palace, layout_rooms, minmay_temple_entry_stoned_glass,
          uniq_sigmund
D:5:      layout_basic, mainiacjoe_overflow_boulevard,
          nicolae_wu_jian_wuxing_cycle, led_xom_imps, amcnicky_altar_gilded,
          bh_walls_and_bars
D:6:      layout_basic, ashenzari_altar_1, uniq_pikel
D:7:      layout_cave_pools, feat_on_display
Temple:   bh_familiar_temple

Skill      XL: |  1  2  3  4  5  6  7  8  9 |
---------------+----------------------------+-----
Short Blades   | 2 3 8 9 |  9.2
Dodging        | 1 2 |  2.4
Spellcasting   | 1 6 7 |  7.3
Fighting       | 6 7 |  7.4
Shields        | 4 |  4.8
Armour         | 4 |  4.1

Action                     |  1- 3 |  4- 6 |  7- 9 | 10-12 || total
---------------------------+-------+-------+-------+-------++-------
  Melee: Rapier            |   106 |   188 |   235 |    45 ||   574
         Bite              |       |       |       |     3 ||     3
  Throw: Stone             |       |       |     1 |       ||     1
   Cast: Sting             |       |       |    65 |    33 ||    98
         Summon Guardian G |       |       |    17 |     7 ||    24
  Evoke: Wand              |       |       |     1 |       ||     1
    Use: Scroll            |     3 |    11 |     7 |     1 ||    22
         Potion            |       |     2 |     2 |       ||     4
   Stab: Confused          |       |       |     1 |       ||     1
         Distracted        |       |       |     1 |       ||     1
 Armour: Scale mail        |    70 |    49 |    39 |       ||   158
         Robe              |       |       |       |     7 ||     7
  Dodge: Dodged            |    48 |    75 |    39 |    41 ||   203
  Block: Buckler           |    43 |    68 |   152 |   103 ||   366
         Reflection        |       |       |       |     4 ||     4

Table legend: (Time is in decaauts)
 A = Elapsed time spent in this place.
 B = Non-inter-level travel time spent in this place.
 C = Inter-level travel time spent in this place.
 D = Time resting spent in this place.
 E = Time spent auto-exploring this place.
 F = Levels seen in this place.
 G = Mean time per level.
                   A        B        C        D        E       F      G
               +--------+--------+--------+--------+--------+-----+--------+
         Total |   7983 |   7249 |    734 |   1267 |   3332 |   8 |  997.9 |
       Dungeon |   7765 |   7092 |    673 |   1267 |   3180 |   7 | 1109.3 |
        Temple |    217 |    156 |     61 |      0 |    152 |   1 |  217.0 |
               +--------+--------+--------+--------+--------+-----+--------+

Top non-repeatable levels by time:
     D:6: 1600 daAuts
     D:5: 1598 daAuts
     D:4: 1246 daAuts
     D:1: 1171 daAuts
     D:3: 1028 daAuts
     D:2: 789 daAuts
     D:7: 329 daAuts
  Temple: 217 daAuts
